Map: Cyber Forest LE

Players

zurk

  • Race: Protoss Protoss
  • League: Silver
  • Spawn Location: 11:00

ZaZen - Winner!

  • Race: Protoss Protoss
  • League: Silver
  • Spawn Location: 5:00

VOD

Have the link to the VOD?

Description

Time

  • Played on: May 18, 2019, 6 p.m.
  • Length: 7:06
Show
View Real Time Build Order
Export as new Build Order

zurk Protoss 

Build Orders:  

Get SALT Encoding   

  1  0:00  Probe  
  12  0:06  Probe  
  14  0:19  Pylon  
  14  0:22  Probe  
  15  0:37  Probe  
  15  0:40  Gateway  
  16  0:51  Probe  
  16  0:54  Assimilator  
  17  1:02  Gateway  
  17  1:09  Probe  
  18  1:21  Probe  
  19  1:37  Probe  
  20  1:41  Cybernetics Core  
  20  1:57  Warp Gate  
  20  1:58  Nexus  
  20  2:00  Pylon  
  20  2:02  Zealot  
  22  2:19  Probe  
  22  2:22  Assimilator  
  23  2:34  Robotics Facility  
  23  2:41  Stalker  
  25  2:52  Probe  
  25  3:04  Probe  
  26  3:06  Gateway  
  26  3:09  Gateway  
  26  3:12  Sentry  
  28  3:19  Pylon  
  28  3:20  Probe  
  29  3:28  Observer  
  28  3:56  Stalker  
  28  4:12  Gateway  
  28  4:15  Sentry  
  28  4:16  Sentry  
  27  4:28  Stalker  
  29  4:42  Probe  
  29  4:44  Stalker  
  32  4:46  Stalker  
  24  5:06  Probe  
  25  5:11  Gateway  
  25  5:17  Twilight Council  
  25  5:18  Stalker, Probe  
  25  5:19  Stalker  
  30  5:22  Pylon  
  30  5:30  Probe, Pylon  
  31  5:40  Sentry  
  33  5:43  Probe  
  34  5:51  Gateway  
  34  5:55  Probe  
  35  5:58  Dark Shrine  
  35  6:06  Stalker  
  35  6:07  Probe  
  38  6:20  Stalker  
  40  6:34  Stalker x2  
  44  6:42  Cybernetics Core  
  44  6:43  Probe  
  43  6:48  Pylon  
  43  6:49  Stalker  
  39  6:56  Stalker  
Show
View Real Time Build Order
Export as new Build Order

ZaZen Protoss - Winner!

Build Orders:  

Get SALT Encoding   

  12  0:02  Probe  
  13  0:27  Pylon  
  13  0:28  Probe  
  14  0:40  Probe  
  15  0:46  Gateway  
  15  0:49  Assimilator  
  15  0:52  Probe  
  16  1:01  Probe  
  16  1:10  Probe  
  18  1:38  Cybernetics Core  
  18  1:45  Gateway  
  18  1:54  Warp Gate  
  18  1:59  Assimilator  
  18  2:00  Probe  
  19  2:05  Pylon  
  19  2:12  Probe  
  19  2:15  Adept  
  22  2:30  Robotics Facility  
  22  2:45  Adept  
  22  2:46  Stalker  
  26  2:59  Shield Battery  
  26  3:05  Pylon  
  26  3:12  Probe  
  27  3:16  Stalker  
  29  3:20  Immortal  
  32  3:59  Immortal  
  36  4:23  Probe  
  37  4:35  Probe  
  38  4:41  Nexus  
  38  4:45  Pylon  
  38  4:53  Warp Prism  
  38  4:59  Probe  
  39  5:11  Probe  
  40  5:24  Gateway x2  
  40  5:44  Stalker x2  
  44  5:51  Immortal, Pylon  
  48  6:20  Stalker x3  
  55  6:40  Probe x2  
  56  6:52  Probe  
Tags
 
Add a new tag
Caveats
  • Supply blocks, unpowered buildings, or Contaminate may cause inaccurate times.
  • Supply counts are checked every 10 seconds.